 Dungeon Crawl Stone Soup version 0.28.0-43-g3370ac3207 (webtiles) character file.

Game seed: 13943055539044840090

111 theElss the Skirmisher (level 4, -3/43 HPs)
             Began as a Gargoyle Berserker on Mar 17, 2022.
             Was a Follower of Trog.
             Slain by Grinder (6 damage)
             ... on level 3 of the Dungeon.
             The game lasted 00:04:53 (3227 turns).

theElss the Skirmisher (Gargoyle Berserker)         Turns: 3227, Time: 00:04:53

Health: -3/43      AC: 22    Str: 21    XL:     4   Next: 92%
Magic:  4/4        EV:  2    Int:  7    God:    Trog [*.....]
Gold:   40         SH:  0    Dex: 11    Spells: 3/3 levels left

rFire   + . .      SeeInvis .   a - +0 mace
rCold   . . .      Faith    .   (no shield)
rNeg    + . .      Spirit   .   (armour currently unavailable)
rPois   ∞          Reflect  .   (helmet currently unavailable)
rElec   .          Harm     .   (cloak currently unavailable)
rCorr   .          Rampage  .   (gloves currently unavailable)
Will    .....      NoTele   +   (boots currently unavailable)
Stlth   +.........              (no amulet)
HPRegen 0.14/turn               e - ring of protection from fire
MPRegen 0.09/turn               (no ring)

@: tree-form, on berserk cooldown
A: stationary, stasis, torment immunity, boosted hp, sickness immunity, AC +3,
negative energy resistance 1, (electricity resistance), torment resistance 1,
petrification resistance
a: Renounce Religion, Berserk


You were on level 3 of the Dungeon.
You worshipped Trog.
Trog was aware of your devotion.
You were a tree.
You visited 1 branch of the dungeon, and saw 3 of its levels.

You collected 40 gold pieces.

Inventory:

Hand Weapons
 a - a +0 mace (weapon)
Armour
 b - a +0 animal skin
 f - a +0 scale mail (melded)
Jewellery
 e - a ring of protection from fire (left branch)
Scrolls
 c - a scroll of identify {unknown}
 g - 2 scrolls of amnesia {unknown}
 h - a scroll of teleportation {unknown}
Potions
 d - 6 potions of curing {unknown}
 i - a potion of lignification {unknown}
 j - a potion of berserk rage {unknown}


   Skills:
 + Level 4.1 Fighting
 + Level 3.7 Maces & Flails
 + Level 3.2 Armour
 + Level 2.3 Dodging


You had 3 spell levels left.
You didn't know any spells.
Your spell library was empty.

Dungeon Overview and Level Annotations

Branches:
Dungeon (3/15)

Altars:

Annotations:
D:3 Grinder


Innate Abilities, Weirdness & Mutations

You are a tree.
Your roots penetrate the ground, keeping you stationary.
You cannot be teleported.
You are immune to unholy pain and torment.
Your maximum health is greatly increased.
Your equipment is partially melded.
You are immune to sickness and miasma.
((Your stone body is resilient. (AC +3)))
You are immune to poison.
You resist negative energy. (rN+)
((You are resistant to electric shocks. (rElec)))
You are resistant to unholy torment.
You are immune to petrification.


Message History

Grinder gestures at you. Pain shoots through your body!
Grinder blinks!
Grinder hits you.
You writhe in agony.
* * * LOW HITPOINT WARNING * * *
You can move again.
Unknown command.
You aren't carrying any items that you can evoke.
Unknown command.
You hit Grinder.
Grinder is almost dead.
Grinder gestures at you. Pain shoots through your body!
* * * LOW HITPOINT WARNING * * *
Grinder zaps a wand.
You turn into a tree.
Your +0 scale mail melds into your body.
Your roots penetrate the ground.
Unknown command.
Unknown command.
You barely miss Grinder.
Grinder is almost dead.
Grinder hits you but does no damage.
Grinder blinks!
You cannot move.
Unknown command.
Unknown command.
You cannot move.
Unknown command.
Grinder is nearby!
Grinder is nearby!
Grinder is nearby!
Grinder is nearby!
You swing at nothing.
You swing at nothing.
You feel yourself speed up.
Grinder says, "DUCK!"
You swing at nothing.
You closely miss Grinder.
Grinder is almost dead.
Grinder hits you.
You die...

........................
######.#.......######..
#.#.......# #..
#.#.......# #.#
#.#.......# ##.#
#.#....(..# #...
#.###....## #... #5#
#....# #... #♣#
#.<..######...
#.###.............
#......)..#####...
#########.# #... #.#
#... #.# #### #.# #####
#######.# #....
#.......# #....


You could see Grinder.

Vanquished Creatures
  Jessica (D:2)
  2 adders
  2 worms
  2 dart slugs
  7 bats
  An endoplasm (D:2)
  4 giant cockroaches
  5 goblins
  7 hobgoblins
  A jackal (D:2)
  7 kobolds
  3 quokkas
  4 ball pythons
  6 frilled lizards
  5 rats
57 creatures vanquished.

Notes
Turn   | Place    | Note
-------+----------+-------------------------------------------
     0 | D:1      | theElss the Gargoyle Berserker began the quest for the Orb.
     0 | D:1      | Reached XP level 1. HP: 14/14 MP: 1/1
   187 | D:1      | Reached XP level 2. HP: 19/19 MP: 2/2
   751 | D:1      | Reached XP level 3. HP: 23/23 MP: 3/3
  1172 | D:1      | Found a faded altar of an unknown god.
  1267 | D:2      | Noticed Jessica
  1273 | D:2      | Killed Jessica
  1311 | D:2      | Reached XP level 4. HP: 29/29 MP: 4/4
  1674 | D:2      | Reached skill level 4 in Fighting
  1863 | D:2      | Reached ** piety under Trog
  3179 | D:3      | Noticed Grinder
  3186 | D:3      | Paralysed by Grinder for 7 turns
  3215 | D:3      | Paralysed by Grinder for 7 turns
  3222 | D:3      | HP: 1/29 [Grinder/nerve-wracking pain (6)]
  3227 | D:3      | Slain by Grinder

Illustrated notes

Levels and vault maps discovered:
D:1:      minmay_arrival_nine_rooms, layout_basic,
          ebering_ecumenical_altar_hall, kennysheep_pointless_box,
          minmay_misc_feat_plants, minivault_11, st_stairs_6, minmay_misc_feat_x
D:2:      wander_river, layout_loops_ring, st_stairs_9,
          grunt_decor_mini_mirrors, minmay_worlds_worst_comb, uniq_jessica
D:3:      layout_basic, chequers_temple_overflow_minitemple, uniq_grinder

Skill      XL: |  1  2  3  4 |
---------------+-------------+-----
Dodging        | 2 |  2.3
Armour         | 3 |  3.2
Fighting       | 4 |  4.1
Maces & Flails | |  3.7

Action                   |  1- 3 |  4- 6 || total
-------------------------+-------+-------++-------
Melee: Mace              |    90 |   118 ||   208
       Punch             |       |     2 ||     2
Invok: Berserk           |     1 |     3 ||     4
Armor: Animal skin       |    50 |       ||    50
       Scale mail        |     5 |    50 ||    55
       Skin              |       |     1 ||     1
Dodge: Dodged            |    79 |    62 ||   141
